 Dungeon Crawl Stone Soup version 0.30-a0-782-ge64f9170bb (webtiles) character file.

Game seed: 467658093607772798

49898 Angani the Corrupter of Planes (level 14, -18/121 HPs)
             Began as a Yellow Draconian Necromancer on Mar 5, 2023.
             Was the Champion of Lugonu.
             Demolished by an ettin
             ... wielding a +0 dire flail
              (27 damage)
             ... while paralysed by an orc sorcerer
             ... on level 1 of the Orcish Mines.
             The game lasted 00:54:57 (23106 turns).

Angani the Corrupter of Planes (DrNe)              Turns: 23106, Time: 00:54:58

Health: -18/121    AC: 20    Str: 16    XL:     14   Next: 17%
Magic:  27/27      EV:  2    Int: 18    God:    Lugonu [******]
Gold:   2262       SH:  0    Dex: 12    Spells: 15/19 levels left

rFire   . . .      SeeInvis +    a - +1 demon whip (distort)
rCold   . . .      Faith    .    (no shield)
rNeg    . . .      Spirit   .    (body armour unavailable)
rPois   .          Reflect  .    Q - +2 hat {SInv}
rElec   .          Harm     .    P - scarf {repulsion}
rCorr   +          Rampage  .    i - +2 pair of gloves {Str+3}
Will    +....                    l - +2 pair of boots
Stlth   ++                       I - amulet "Pihenk" {RegenMP Fly}
HPRegen 0.40/turn                N - +5 ring of evasion
MPRegen 0.60/turn                V - +4 ring of protection

@: paralysed, short of breath, flying, repel missiles
A: spit acid, AC +8, unfitting armour, acidic bite, cold-blooded, acid
resistance
a: Breathe Acid, Renounce Religion, Depart the Abyss, Banish, Corrupt, Enter the
Abyss


You were on level 1 of the Orcish Mines.
You worshipped Lugonu.
Lugonu was exalted by your worship.
You visited 3 branches of the dungeon, and saw 17 of its levels.
You also visited: Volcano.

You collected 2262 gold pieces.

Inventory:

Hand Weapons
 a - a +1 demon whip of distortion (weapon)
 b - a +1 hand crossbow of flaming
 j - the +11 whip of Yliupath {freeze, rElec rC+ Str+2}
   (You found it on level 3 of the Lair of Beasts)

   Str:       It affects your strength (+2).
   rC:        It protects you from cold.
   rElec:     It insulates you from electricity.
Missiles
 o - 5 silver javelins
 p - 5 silver boomerangs
 Y - 3 throwing nets
Armour
 d - an orb of mayhem
 i - a +2 pair of gloves of strength (worn)
 l - a +2 pair of boots (worn)
 P - a scarf of repulsion (worn)
 Q - a +2 hat of see invisible (worn)
Jewellery
 h - an amulet of reflection
 t - a ring of protection from cold
 x - a ring of wizardry
 H - a +6 ring of strength
 I - the amulet "Pihenk" (around neck) {RegenMP Fly}
   (You found it on level 1 of the Lair of Beasts)

   [amulet of magic regeneration]

   It increases your rate of magic regeneration.
   Fly:       It grants you flight.
 K - a ring of protection from fire
 L - a ring of fire
 N - a +5 ring of evasion (left hand)
 U - a ring of positive energy
 V - a +4 ring of protection (right hand)
Wands
 c - a wand of mindburst (11)
 m - a wand of charming (22)
 n - a wand of polymorph (8)
 q - a wand of roots (13)
 u - a wand of light (2)
 C - a wand of digging (7)
 S - a wand of flame (3)
Scrolls
 e - 3 scrolls of blinking
 k - 4 scrolls of immolation
 r - 3 scrolls of vulnerability
 v - a scroll of teleportation
 B - a scroll of summoning
 O - a scroll of magic mapping
 W - 2 scrolls of fog
 X - a scroll of amnesia
Potions
 f - 2 potions of lignification
 g - 3 potions of berserk rage
 s - 5 potions of heal wounds
 w - a potion of attraction
 z - a potion of haste
 A - a potion of resistance
 D - 2 potions of cancellation
 E - 5 potions of curing
 F - a potion of invisibility
 J - 2 potions of might
 R - a potion of magic
 T - a potion of ambrosia
 Z - a potion of flight
Miscellaneous
 y - a lightning rod (3/4)
 G - a piece from Xom's chessboard (15/15)


   Skills:
 - Level 10.2 Fighting
 - Level 12.0 Maces & Flails
 + Level 6.8 Dodging
 - Level 1.7 Stealth
 - Level 3.0 Spellcasting
 - Level 7.5 Necromancy
 + Level 18.7 Invocations


You had 15 spell levels left.
You knew the following spells:

 Your Spells              Type           Power      Damage    Failure   Level
a - Necrotise             Necr           100%       1d9       1%          1
b - Vampiric Draining     Necr           29%        2d8       2%          3

Your spell library contained the following spells:

 Spells                   Type           Power      Damage    Failure   Level
 Animate Dead             Necr           29%        N/A       8%          4
 Agony                    Necr           29%        N/A       21%         5
 Passage of Golubria      Tloc           2%         N/A       85%         4
 Silence                  Hex/Air        1%         N/A       99%         5
 Malign Gateway           Summ/Tloc      1%         N/A       100%        7
 Lehudib's Crystal Spear  Conj/Erth      1%         10d2      100%        8
 Summon Horrible Things   Summ           1%         N/A       100%        8
 Chain Lightning          Conj/Air       1%         3d1       100%        9
 Fire Storm               Conj/Fire      1%         7d1       100%        9
 Shatter                  Erth           1%         3d5*      100%        9


Dungeon Overview and Level Annotations

Branches:
Dungeon (10/15)            Temple (0/1) D:7            Lair (5/5) D:8
 Shoals (0/4) Lair:2       Spider (0/4) Lair:2        Slime (0/5) Lair:4
    Orc (2/2) D:10        Volcano (visited)
    Elf: Orc:2

Altars:
Ashenzari
Dithmenos
Elyvilon
Fedhas
Gozag
Hepliaklqana
Makhleb
Nemelex Xobeh
Qazlal
Ru
Uskayaw
Wu Jian
Yredelemnul
Zin
Jiyva
Lugonu

Shops:
D:6 =   D:10 (

Portals:
Abyss: Lair:5

Annotations:
Lair:3 9 runed translucent doors, exclusion: 6 doors, Aldia's ghost, journeyman FeSu
Lair:4 1 runed translucent door
Abyss:1 Eustachio


Innate Abilities, Weirdness & Mutations

You can spit globs of acid.
Your golden yellow scales are hard. (AC +8)
You cannot fit into any form of body armour.
You have acidic saliva.
You are cold-blooded and may be slowed by cold attacks.
You are resistant to acid. (rCorr)


Message History

The troll is severely wounded.
The chaos spawn completely misses you. The troll closely misses you.
The troll barely misses you. The troll claws you but does no damage.
You closely miss the troll. You bite the troll, but do no damage.
The troll is severely wounded.
You closely miss the troll. Your bite misses the troll.
The troll is severely wounded.
The chaos spawn closely misses you. The troll misses you.
The troll claws you but does no damage. The troll completely misses you.
You whack the troll!
You kill the troll!
Lugonu accepts your kill.
You hit the chaos spawn.
The chaos spawn is devoured by a tear in reality.
The ettin closely misses you. x2
The orc sorcerer casts a spell.
You barely miss the ettin. You bite the ettin, but do no damage.
You barely miss the ettin. You bite the ettin, but do no damage.
The orc completely misses you. The ettin completely misses you.
The ettin barely misses you.
You barely miss the orc sorcerer. You whack the orc sorcerer!
Space warps around the orc sorcerer.
The orc sorcerer is heavily wounded.
The orc hits you but does no damage.
The orc sorcerer points at you and mumbles some strange words.
You suddenly lose the ability to move!
The ettin hits you but does no damage.
The ettin hits you with a +0 dire flail!
The orc hits you but does no damage. The orc sorcerer completely misses you.
The ettin hits you but does no damage.
The ettin hits you with a +0 dire flail!!
The orc hits you but does no damage.
The orc sorcerer hits you with a +0 dagger.
The ettin hits you with a +0 dire flail!! x2
* * * LOW HITPOINT WARNING * * *
The orc hits you but does no damage.
The orc sorcerer hits you but does no damage.
The ettin hits you with a +0 dire flail!!
* * * LOW HITPOINT WARNING * * *
The ettin hits you with a +0 dire flail!!
You die...

. .. ### ### ... ###.##
###.## .... #.#..#
#.#..## ##...
####...####.....##
......#.#......#......#.
.....4o@...##.....#.....
..##.§oC.).##....####...
###....###.....###...
#.....#......##....
..............###...
................#...#
....###.....##......##
#.## ...........#..##
#.......##..#


You could see an ettin, a chaos spawn (summoned), an orc sorcerer and an orc.

Vanquished Creatures
  Harold (Orc:1)
  3 hydras (Lair:5)
  A catoblepas (Lair:1)
  A boulder beetle (Lair:3)
  3 thrashing horrors (Lair:5)
  Amaemon (D:8)
  A skyshark (Lair:4)
  A lindwurm (Lair:5)
  2 orc knights
  A wolf spider (Lair:3)
  An ugly thing (Lair:5)
  6 elephants (Lair:5)
  A guardian serpent (shapeshifter) (Lair:5)
  A black mamba (Lair:5)
  Maurice (D:8)
  An orange demon (D:8)
  A torpor snail (Lair:5)
  2 smoke demons (Lair:5)
  Maggie (D:6)
  10 cane toads
  3 yaktaurs (Volcano)
  15 rime drakes
  5 komodo dragons
  An unseen horror (D:10)
  2 ancient zymes (Lair:5)
  A wind drake (Lair:2)
  2 trolls (Orc:1)
  Grinder (D:5)
  A polar bear (Lair:1)
  15 blink frogs
  10 dream sheep (Lair:5)
  2 jumping spiders (Lair:3)
  A ynoxinul (Lair:5)
  3 wyverns
  40 yaks
  3 basilisks
  A redback (Lair:3)
  9 steam dragons
  2 chaos spawn (Lair:5)
  Menkaure (D:5)
  6 wargs
  3 large abominations (Lair:5)
  12 water moccasins
  An ice beast (D:5)
  A black bear (D:6)
  A sky beast (D:7)
  21 orc warriors
  7 ogres
  5 wolves (Lair:4)
  3 centaurs
  5 phantoms
  Blork the orc (D:5)
  7 bullfrogs
  A necrophage (D:5)
  A gnoll sergeant (D:5)
  8 scorpions
  17 wights
  9 killer bees (D:9)
  2 electric eels (Lair:1)
  9 small abominations (Lair:5)
  4 lava snakes (Lair:1)
  5 hounds
  3 jellies
  13 orc priests
  A gnoll bouda (D:7)
  Natasha (thrice) (D:4)
  Terence (D:1)
  3 iguanas (D:5)
  20 orc wizards
  7 adders
  12 gnolls
  3 white imps
  2 ufetubi (D:5)
  2 worms
  69 orcs
  5 bats
  8 endoplasms
  9 goblins
  5 hobgoblins (D:2)
  3 jackals (D:5)
  9 quokkas
  4 ball pythons
  3 frilled lizards (D:3)
  4 kobolds
  21 rats
497 creatures vanquished.

Vanquished Creatures (collateral kills)
  A howler monkey (D:5)
  A gnoll (D:7)
  A goblin (D:2)
  A frilled lizard (D:2)
  A rat (D:2)
5 creatures vanquished.

Vanquished Creatures (others)
  A rime drake (Lair:5)
  An orc wizard (D:10)
  2 bushes (Lair:5)
  22 fungi
  42 plants
68 creatures vanquished.

Grand Total: 570 creatures vanquished

Notes
Turn   | Place    | Note
-------+----------+-------------------------------------------
     0 | D:1      | Angani the Draconian Necromancer began the quest for the
                  | Orb.
     0 | D:1      | Reached XP level 1. HP: 14/14 MP: 3/3
   342 | D:2      | Reached XP level 2. HP: 20/20 MP: 3/5
   346 | D:2      | Noticed Terence
   491 | D:1      | Killed Terence
   492 | D:1      | Reached XP level 3. HP: 14/26 MP: 4/7
   646 | D:1      | Prayed at the altar of an unknown god.
   646 | D:1      | Became a worshipper of Lugonu the Unformed
   646 | D:1      | Reached * piety under Lugonu
   689 | D:1      | Learned a level 3 spell: Vampiric Draining
  1510 | D:2      | Reached skill level 1 in Invocations
  1510 | D:2      | Reached XP level 4. HP: 33/33 MP: 2/8
  1539 | D:2      | Reached skill level 5 in Necromancy
  2118 | D:3      | Reached ** piety under Lugonu
  2258 | D:3      | Found a broken altar of Ashenzari.
  2291 | D:3      | Reached skill level 2 in Invocations
  2295 | D:3      | You fall into a shaft and drop 3 floors!
  2295 | D:6      | Found a sacrificial altar of Ru.
  2368 | D:6      | Noticed an orc warrior
  2368 | D:6      | Noticed a black bear
  2372 | D:5      | Entered Level 5 of the Dungeon
  2423 | D:5      | Reached XP level 5. HP: 20/38 MP: 0/9
  2498 | D:5      | Found an opulent altar of Gozag.
  2501 | D:5      | Noticed a phantom
  2524 | D:5      | Killed a phantom
  2525 | D:5      | Reached skill level 3 in Invocations
  2670 | D:5      | Noticed an ice beast
  2742 | D:5      | Reached XP level 6. HP: 32/45 MP: 4/10
  2897 | D:5      | Noticed Menkaure
  2901 | D:5      | Reached skill level 4 in Invocations
  2959 | D:4      | Noticed Eustachio
  2962 | D:4      | Banished Eustachio
  2963 | D:4      | Reached skill level 5 in Invocations
  2963 | D:4      | Your scales start taking on a golden yellow colour.
  2963 | D:4      | Reached XP level 7. HP: 50/50 MP: 5/11
  2963 | D:4      | Gained mutation: You are resistant to acid. (rCorr) [Yellow
                  | Draconian growth]
  3524 | D:4      | Found a glowing silver altar of Zin.
  3621 | D:4      | Noticed Natasha
  3626 | D:4      | Killed Natasha
  3631 | D:4      | Noticed Natasha
  3636 | D:4      | Killed Natasha
  3841 | D:4      | Noticed Natasha
  3849 | D:4      | Killed Natasha
  3930 | D:4      | Reached skill level 6 in Invocations
  4171 | D:5      | Noticed Grinder
  4189 | D:5      | Killed Grinder
  4190 | D:5      | Reached XP level 8. HP: 30/61 MP: 11/13
  4331 | D:5      | Noticed Blork the orc
  4341 | D:5      | Killed Blork the orc
  4341 | D:5      | Reached *** piety under Lugonu
  4342 | D:5      | Reached skill level 7 in Invocations
  4709 | D:5      | Reached skill level 8 in Invocations
  4721 | D:5      | Reached skill level 5 in Fighting
  4769 | D:5      | Reached XP level 9. HP: 27/75 MP: 4/15
  4866 | D:5      | Identified a scroll of acquirement
  5081 | D:5      | Reached skill level 9 in Invocations
  5104 | D:5      | Acquired 828 gold pieces
  5244 | D:5      | Found a basalt altar of Yredelemnul.
  5246 | D:5      | Found a blossoming altar of Fedhas.
  5465 | D:5      | Killed Menkaure
  5887 | D:6      | Found Awoijyre's Jewellery Boutique.
  6292 | D:6      | Found a burning altar of Makhleb.
  6309 | D:6      | Reached **** piety under Lugonu
  6889 | D:7      | Found a staircase to the Ecumenical Temple.
  6893 | D:7      | Noticed Maggie
  6942 | D:6      | Killed Maggie
  6943 | D:6      | Reached skill level 10 in Invocations
  8105 | D:7      | Reached XP level 10. HP: 90/90 MP: 6/18
  8384 | D:8      | Found a stormy altar of Qazlal.
  8490 | D:8      | Found a staircase to the Lair.
  8492 | D:8      | Noticed Maurice
  8838 | D:8      | Reached skill level 11 in Invocations
  8905 | D:8      | Killed Maurice
  9242 | D:8      | Found an ornate altar of the Wu Jian Council.
  9448 | D:8      | Noticed an orange demon
  9449 | D:8      | Noticed Amaemon
  9461 | D:8      | Killed an orange demon
  9472 | D:8      | Killed Amaemon
  9473 | D:8      | Reached skill level 10 in Fighting
  9855 | D:8      | Reached skill level 12 in Invocations
  9955 | D:8      | Found a sparkling altar of Nemelex Xobeh.
  9957 | D:8      | Found a white marble altar of Elyvilon.
  9964 | D:8      | Found a hide-covered altar of Uskayaw.
 10290 | D:8      | Reached skill level 1 in Maces & Flails
 10988 | D:9      | Reached XP level 11. HP: 60/100 MP: 4/20
 11322 | D:9      | Found a hazy altar of Hepliaklqana.
 11561 | D:10     | Entered Level 10 of the Dungeon
 11691 | D:10     | Found a staircase to the Orcish Mines.
 11699 | D:10     | Reached ***** piety under Lugonu
 11712 | D:10     | Reached skill level 13 in Invocations
 11955 | D:10     | Reached skill level 5 in Maces & Flails
 12159 | D:10     | Found a shadowy altar of Dithmenos.
 12303 | D:10     | Found Dimnidac's Weapon Emporium.
 12940 | Lair:1   | Entered Level 1 of the Lair of Beasts
 13068 | Lair:1   | Found a dark tunnel.
 13074 | Volcano  | Entered a volcano
 13102 | Volcano  | Reached skill level 14 in Invocations
 13971 | Lair:1   | Noticed a catoblepas
 14004 | Lair:1   | Killed a catoblepas
 14774 | Lair:1   | Identified the amulet "Pihenk" {RegenMP Fly}
 14824 | Lair:1   | Reached XP level 12. HP: 106/106 MP: 20/23
 14973 | Lair:2   | Found a staircase to the Shoals.
 14992 | Lair:2   | HP: 5/106 [wind drake/the air (26)]
 15394 | Lair:2   | Reached skill level 15 in Invocations
 15433 | Lair:2   | Found a hole to the Spider Nest.
 16195 | Lair:3   | Noticed a boulder beetle
 16205 | Lair:3   | Killed a boulder beetle
 16334 | Lair:3   | Found a runed translucent gate.
 16334 | Lair:3   | Found a runed translucent gate.
 16844 | Lair:3   | Found a runed translucent gate.
 16844 | Lair:3   | Noticed Aldia's ghost (journeyman FeSu)
 17241 | Lair:3   | Found a viscous altar of Jiyva.
 17328 | Lair:3   | Found a runed translucent door.
 17365 | Lair:3   | Found a runed translucent gate.
 17603 | Lair:3   | Noticed a boulder beetle
 17604 | Lair:3   | Found a runed translucent gate.
 17612 | Lair:3   | Found a runed translucent gate.
 17612 | Lair:3   | Found a runed translucent gate.
 17612 | Lair:3   | Found a runed translucent gate.
 17612 | Lair:3   | Identified the +11 whip of Yliupath {freeze, rElec rC+
                  | Str+2}
 17612 | Lair:3   | Noticed a boulder beetle
 17614 | Lair:3   | Found a runed translucent gate.
 17793 | Lair:4   | Reached skill level 10 in Maces & Flails
 18007 | Lair:4   | Reached skill level 16 in Invocations
 18302 | Lair:4   | Found a runed translucent door.
 18302 | Lair:4   | Found a viscous altar of Jiyva.
 18305 | Lair:4   | Found a staircase to the Slime Pits.
 18513 | Lair:5   | Entered Level 5 of the Lair of Beasts
 18727 | Lair:5   | Noticed a seven-headed hydra
 19086 | Lair:5   | Noticed a fire dragon
 19217 | Lair:5   | Banished a fire dragon
 19218 | Lair:5   | Reached XP level 13. HP: 60/113 MP: 11/25
 19602 | Lair:5   | Reached skill level 17 in Invocations
 20209 | Lair:5   | Reached ****** piety under Lugonu
 20621 | Lair:5   | Reached skill level 18 in Invocations
 20714 | Lair:5   | Identified the +5 scimitar "Secret Weapon" {heavy, rElec
                  | Str+3}
 20820 | Lair:5   | Reached skill level 5 in Dodging
 21576 | Lair:5   | Found a corrupted altar of Lugonu.
 21576 | Lair:5   | Found a one-way gate to the infinite horrors of the Abyss.
 21682 | Lair:5   | Gained mutation: You have acidic saliva. [Yellow Draconian
                  | growth]
 21682 | Lair:5   | Reached XP level 14. HP: 121/121 MP: 27/27
 21829 | Orc:1    | Entered Level 1 of the Orcish Mines
 21863 | Orc:1    | Noticed Harold
 21880 | Orc:1    | Killed Harold
 22062 | Orc:1    | Identified a +1 demon whip of distortion (a -1 heavy demon
                  | whip corrupted by Lugonu)
 22062 | Orc:1    | Received a gift from Lugonu
 22067 | Orc:2    | Entered Level 2 of the Orcish Mines
 22642 | Orc:1    | Noticed an orc warlord
 23103 | Orc:1    | Paralysed by an orc sorcerer for 4 turns
 23106 | Orc:1    | Demolished by an ettin

Illustrated notes

Levels and vault maps discovered:
D:1:      spicycebolla_arrival_ecumenical, layout_loops_corners,
          minmay_misc_feat_roman
D:2:      layout_rooms, serial_glass, glass_columns_b, glass_columns_a,
          minmay_goblin_outpost, uniq_terence, uniq_crazy_yiuf_cottage
D:3:      layout_loops_ring, lemuel_tele_altar, chequers_serial_rivers_small_a
D:4:      layout_rooms, overflow_temple_1_default, minmay_rat_hole,
          uniq_eustachio, uniq_natasha
D:5:      kennysheep_windowed_halls, layout_basic, jmf_multi_god_temple,
          amcnicky_altar_gilded, minmay_crystal_room, uniq_menkaure,
          uniq_blork_the_orc, uniq_grinder
D:6:      layout_layer_cave, mainiacjoe_overflow_brackets,
          lightli_temple_of_fire, serial_shops, nicolae_diamond_shop
D:7:      layout_basic, minmay_temple_entry_purple_smoke, uniq_maggie
D:8:      layout_basic, mainiacjoe_overflow_paths,
          nicolae_wu_jian_immortal_techniques, minmay_overflow_temple_star_quad,
          erik_lair_orcish_takeover, serial_rivers,
          chequers_serial_rivers_marsh, chequers_serial_rivers_small_3,
          chequers_serial_rivers_room_a, chequers_serial_rivers_small_a,
          chequers_serial_rivers_micro_a, uniq_amaemon, uniq_maurice
D:9:      layout_long_grid, nzn_hepliaklqana_mist_gate
D:10:     layout_basic, nicolae_dithmenos_the_darkroom, erik_orc_3,
          serial_shops, nicolae_shop_bloodbath_and_beyond
Lair:1:   layout_loops_ring, enter_volcano_1, nicolae_lair_liquid_snakes
Lair:2:   layout_cave_shapes, minmay_shoals_entry_beasts,
          spider_nest_entry_web_field
Lair:3:   gammafunk_indiana_jones, layout_small_grid, gammafunk_ghost_ooze,
          minivault_26
Lair:4:   layout_loops_ring, slime_entry_2, grunt_megastairs_2
Lair:5:   hellmonk_lair_end_abyssal_woods, layout_regular_city,
          bobbens_dragon_lair_wall, infiniplex_staircase_pool_2
Orc:1:    layout_diamond_mine, uniq_harold
Orc:2:    pf_orc_diabolical, layout_diamond_mine

Skill      XL: |  1  2  3  4  5  6  7  8  9 10 11 12 13 |
---------------+----------------------------------------+-----
Spellcasting   | 3 |  3.0
Invocations    | 1 2 3 5 6 8 10 12 14 16 18 | 18.7
Necromancy     | 5 6 7 |  7.5
Fighting       | 2 5 8 10 | 10.2
Maces & Flails | 3 8 11 12 | 12.0
Dodging        | 6 |  6.8
Stealth        | |  1.7

Action                     |  1- 3 |  4- 6 |  7- 9 | 10-12 | 13-15 || total
---------------------------+-------+-------+-------+-------+-------++-------
  Melee: Unarmed           |    24 |       |       |       |       ||    24
         Tailslap          |     6 |     9 |    27 |   102 |    80 ||   224
         Dagger            |    19 |     5 |       |       |       ||    24
         Quarterstaff      |       |    46 |   228 |     3 |       ||   277
         Whip              |       |       |       |    60 |       ||    60
         Demon whip        |       |       |       |   560 |   483 ||  1043
         Punch             |       |       |       |    10 |     8 ||    18
         Bite              |       |       |       |       |    21 ||    21
  Throw: Javelin           |       |     4 |    11 |       |       ||    15
   Cast: Necrotise         |    65 |    50 |   142 |    72 |     1 ||   330
         Vampiric Draining |       |       |    23 |    79 |    32 ||   134
 Invoke: Banish            |       |     2 |       |     4 |       ||     6
         Brand Weapon With |       |       |       |       |     1 ||     1
Ability: Breathe Acid      |       |       |    29 |    64 |    39 ||   132
  Evoke: Wand              |       |       |       |    12 |     1 ||    13
         Lightning rod     |       |       |       |       |     3 ||     3
    Use: Potion            |     1 |     1 |       |     1 |       ||     3
         Scroll            |       |     9 |     6 |    15 |     6 ||    36
   Stab: Sleeping          |       |       |     1 |     5 |       ||     6
 Armour: Skin              |    20 |    22 |   121 |   230 |   173 ||   566
  Dodge: Dodged            |    42 |    42 |   225 |   715 |   374 ||  1398
         Repelled          |       |       |       |     7 |     8 ||    15
  Block: Other             |       |       |    87 |   120 |       ||   207
         Reflection        |       |       |     3 |     3 |       ||     6

Table legend: (Time is in decaauts)
 A = Elapsed time spent in this place.
 B = Non-inter-level travel time spent in this place.
 C = Inter-level travel time spent in this place.
 D = Time resting spent in this place.
 E = Time spent auto-exploring this place.
 F = Levels seen in this place.
 G = Mean time per level.
                   A        B        C        D        E       F      G
               +--------+--------+--------+--------+--------+-----+--------+
         Total |  23100 |  22436 |    664 |   5083 |  12613 |  18 | 1283.3 |
       Dungeon |  13186 |  12730 |    456 |   2440 |   7476 |  10 | 1318.6 |
          Lair |   8450 |   8278 |    172 |   1964 |   4741 |   5 | 1690.0 |
  Orcish Mines |   1193 |   1157 |     36 |    493 |    396 |   2 |  596.5 |
       Volcano |    270 |    270 |      0 |    186 |      0 |   1 |  270.0 |
               +--------+--------+--------+--------+--------+-----+--------+

Top non-repeatable levels by time:
  Lair:5: 2558 daAuts
     D:5: 1985 daAuts
  Lair:1: 1780 daAuts
     D:8: 1673 daAuts
     D:7: 1618 daAuts
     D:6: 1581 daAuts
  Lair:3: 1541 daAuts
    D:10: 1392 daAuts
  Lair:4: 1353 daAuts
     D:9: 1346 daAuts
     D:1: 1236 daAuts
  Lair:2: 1218 daAuts
     D:4: 927 daAuts
     D:2: 794 daAuts
   Orc:2: 773 daAuts
